 Dungeon Crawl Stone Soup version 0.31-a0-151-ge443d1f16c (webtiles) character file.

Game seed: 4624495162069222370

1414 qw the Skirmisher (level 8, 0/51 HPs)
             Began as a Gargoyle Hunter on June 8, 2023.
             Slain by a black bear (3 damage)
             ... on level 6 of the Dungeon.
             The game lasted 00:02:05 (4865 turns).

qw the Skirmisher (Gargoyle Hunter)                 Turns: 4865, Time: 00:02:06

Health: 0/51       AC: 16    Str: 14    XL:     8   Next: 71%
Magic:  8/8        EV: 11    Int: 11    God:
Gold:   341        SH:  0    Dex: 15    Spells: 7/7 levels left

rFire   . . .        i - +0 orcbow
rCold   . . .        (shield currently unavailable)
rNeg    + . .        b - +0 ring mail
rPois   inf          k - +0 helmet
rElec   +            (no cloak)
rCorr   .            f - +2 pair of gloves
SInv    .            a - +0 pair of boots
Will    .....        o - amulet of faith
Stlth   +            (no ring)
HPRegen 0.28/turn    (no ring)
MPRegen 0.11/turn

%: faith
@: no status effects
A: sickness immunity, AC +5, negative energy resistance 1, electricity
resistance, torment resistance 1, petrification resistance
a: no special abilities


You were on level 6 of the Dungeon.
You visited 1 branch of the dungeon, and saw 6 of its levels.

You collected 341 gold pieces.


Innate Abilities, Weirdness & Mutations

You are immune to sickness and miasma.
Your stone body is resilient. (AC +5)
You are immune to poison.
You resist negative energy. (rN+)
You are resistant to electric shocks. (rElec)
You are resistant to unholy torment.
You are immune to petrification.


   Skills:
 - Level 6.0 Fighting
 + Level 9.2 Ranged Weapons
 - Level 3.0 Armour
 - Level 2.5 Dodging
 - Level 1.1 Stealth


You had 7 spell levels left.
You didn't know any spells.
Your spell library was empty.

Inventory:

Hand Weapons
 i - a +0 orcbow (weapon)
Armour
 a - a +0 pair of boots (worn)
 b - a +0 ring mail (worn)
 f - a +2 pair of gloves (worn)
 k - a +0 helmet (worn)
Jewellery
 m - an amulet of the acrobat
 o - an amulet of faith (around neck)
Scrolls
 c - 3 scrolls of teleportation
 d - a scroll of identify
Potions
 e - 2 potions of mutation
 g - 2 potions of curing
 h - 2 potions of might
 j - a potion of resistance {unknown}
 l - 3 potions of enlightenment {unknown}
 n - a potion of haste {unknown}
 p - a potion of heal wounds

Dungeon Overview and Level Annotations

Branches:
Dungeon (6/15)
 Temple: D:4-7

Altars:
Gozag
Makhleb
Nemelex Xobeh
Sif Muna

Annotations:
D:5 1 runed translucent door, Crazy Yiuf
D:6 Prince Ribbit


Message History

You shoot an arrow. The arrow hits Prince Ribbit.
Prince Ribbit is almost dead.
You shoot an arrow. The arrow misses Prince Ribbit.
You shoot an arrow. The arrow hits Prince Ribbit.
Prince Ribbit is almost dead.
Prince Ribbit blinks!
Prince Ribbit misses you.
You shoot an arrow. The arrow misses Prince Ribbit.
Prince Ribbit lets out a mournful croak.
Prince Ribbit misses you.
You shoot an arrow. The arrow misses Prince Ribbit.
Prince Ribbit blinks!
You shoot an arrow. The arrow hits the black bear!
The black bear is moderately wounded.
Prince Ribbit blinks!
The black bear bites you. The black bear misses you.
The black bear barely misses you.
You shoot an arrow. The arrow hits the black bear!
The black bear is almost dead.
The black bear goes berserk!
You shoot an arrow. The arrow hits the black bear.
The black bear is almost dead.
The black bear closely misses you. The black bear claws you.
The black bear claws you but does no damage.
Prince Ribbit blinks!
You shoot an arrow. The arrow hits Prince Ribbit.
Prince Ribbit is almost dead.
The black bear bites you but does no damage.
The black bear barely misses you.
The black bear claws you but does no damage.
Prince Ribbit hits you but does no damage.
The black bear bites you but does no damage.
The black bear claws you but does no damage. x2
You shoot an arrow. The arrow barely misses Prince Ribbit.
Prince Ribbit blinks!
The black bear bites you but does no damage.
The black bear claws you but does no damage.
The black bear closely misses you. Prince Ribbit hits you!
The black bear bites you.
The black bear claws you but does no damage.
The black bear claws you.
You die...

#.# #.# .#
#.# ¤# #.# .#
#.# .# #.# .#
#.# .#
...####.###h#
...).....F@¤#
...##########


You could see Prince Ribbit and a black bear (berserk).

Vanquished Creatures
  Grinder (D:5)
  Menkaure (D:5)
  An orc warrior (D:6)
  A centaur (D:4)
  A phantom (D:5)
  A scorpion (D:5)
  4 howler monkeys
  2 hounds
  3 jellies
  A gnoll bouda (D:6)
  2 orc priests
  Jessica (D:3)
  2 iguanas
  Robin (D:2)
  11 adders
  8 gnolls (D:6)
  An ufetubus (D:5)
  2 worms
  A dart slug (D:2)
  12 orcs
  10 bats
  6 endoplasms
  4 giant cockroaches
  12 goblins
  12 hobgoblins
  9 jackals
  9 kobolds
  9 quokkas
  7 ball pythons
  3 frilled lizards
  5 rats
143 creatures vanquished.

Notes
Turn   | Place    | Note
-------+----------+-------------------------------------------
     0 | D:1      | qw the Gargoyle Hunter began the quest for the Orb.
     0 | D:1      | Reached XP level 1. HP: 12/12 MP: 1/1
     0 | D:1      | 0 ||| qw: Version: 0.2-a-120-gdf1a93b
     0 | D:1      | 0 ||| qw: Game counter: 3116
     0 | D:1      | 0 ||| qw: Always use a shield: true
     0 | D:1      | 0 ||| qw: God list: Okawaru
     0 | D:1      | 0 ||| qw: Allow faded altars: false
     0 | D:1      | 0 ||| qw: Do Orc after D:15 true
     0 | D:1      | 0 ||| qw: Do second Lair branch before Depths: true
     0 | D:1      | 0 ||| qw: Lair rune preference: random
     0 | D:1      | 0 ||| qw: Plans: Normal
     0 | D:1      | 0 ||| PLANNING D:1-11
   160 | D:1      | Reached XP level 2. HP: 17/17 MP: 2/2
   170 | D:1      | Found a faded altar of an unknown god.
   555 | D:1      | Reached XP level 3. HP: 21/21 MP: 3/3
   687 | D:1      | Reached skill level 5 in Ranged Weapons
   914 | D:1      | 914 ||| UPGRADING to +2 pair of gloves.
   919 | D:1      | 919 ||| READING scroll labelled LIMAVU MAKK.
   920 | D:1      | 920 ||| READING scroll labelled ISIK CILIU.
   921 | D:1      | 921 ||| READING scroll labelled NAWAQU UGRYOX.
   922 | D:1      | 922 ||| DROPPING scroll of butterflies.
  1159 | D:2      | Reached skill level 3 in Fighting
  1276 | D:2      | Reached XP level 4. HP: 28/28 MP: 4/4
  1358 | D:2      | Noticed Robin
  1366 | D:2      | Killed Robin
  1888 | D:2      | 1888 ||| UPGRADING to +0 helmet.
  1893 | D:2      | 1893 ||| READING scroll labelled GEFYGR NERHOUJORR.
  1894 | D:2      | 1894 ||| READING scroll labelled BIFICOAREWK.
  1895 | D:2      | 1895 ||| READING scroll labelled REASKI OFYDIDD.
  1896 | D:2      | 1896 ||| READING 3 scrolls of identify.
  1896 | D:2      | 1896 ||| IDENTIFYING sapphire potion
  1897 | D:2      | 1897 ||| READING 2 scrolls of identify.
  1897 | D:2      | 1897 ||| IDENTIFYING clear potion
  1898 | D:2      | 1898 ||| DROPPING potion of brilliance.
  1997 | D:3      | Noticed Jessica
  1999 | D:3      | Killed Jessica
  2000 | D:3      | Reached skill level 1 in Armour
  2000 | D:3      | Reached XP level 5. HP: 32/32 MP: 5/5
  2088 | D:3      | Reached skill level 6 in Ranged Weapons
  2539 | D:3      | Found a sparkling altar of Nemelex Xobeh.
  2539 | D:3      | Found an opulent altar of Gozag.
  2609 | D:3      | 2609 ||| UPGRADING to +0 pair of boots.
  2614 | D:3      | 2614 ||| UPGRADING to +0 ring mail.
  2624 | D:3      | 2624 ||| DROPPING +0 leather armour.
  2625 | D:3      | 2625 ||| UPGRADING to amulet of the acrobat.
  2630 | D:3      | 2630 ||| DRINKING 2 viscous grey potions.
  2631 | D:3      | 2631 ||| READING 2 scrolls of identify.
  2631 | D:3      | 2631 ||| IDENTIFYING black potion
  2632 | D:3      | 2632 ||| DROPPING potion of invisibility.
  2633 | D:3      | 2633 ||| DROPPING potion of ambrosia.
  2686 | D:4      | Reached XP level 6. HP: 38/38 MP: 6/6
  2812 | D:4      | HP: 9/38 [frozen (5)]
  2814 | D:4      | HP: 2/38 [frozen (4)]
  3186 | D:4      | 3186 ||| READING 2 scrolls labelled PORHED JEVUOGG.
  3190 | D:4      | 3190 ||| READING scroll labelled LIB AMEPRU.
  3191 | D:4      | 3191 ||| DRINKING 2 bubbling green potions.
  3192 | D:4      | 3192 ||| DRINKING 2 pink potions.
  3193 | D:4      | 3193 ||| DROPPING potion of degeneration.
  3206 | D:5      | Entered Level 5 of the Dungeon
  3210 | D:5      | 3210 ||| STAIRDANCE
  3266 | D:5      | 3266 ||| STAIRDANCE
  3311 | D:5      | 3311 ||| STAIRDANCE
  3374 | D:5      | 3374 ||| STAIRDANCE
  3440 | D:5      | 3440 ||| STAIRDANCE
  3484 | D:5      | 3484 ||| STAIRDANCE
  3533 | D:4      | 3533 ||| SWAPPING to +0 orcbow.
  3534 | D:4      | 3534 ||| DROPPING +0 shortbow of freezing.
  3556 | D:5      | Reached skill level 7 in Ranged Weapons
  3556 | D:5      | Reached XP level 7. HP: 43/43 MP: 7/7
  3671 | D:5      | Reached skill level 8 in Ranged Weapons
  3778 | D:5      | Noticed Grinder
  3800 | D:5      | Killed Grinder
  3801 | D:5      | Reached XP level 8. HP: 34/50 MP: 8/8
  3874 | D:5      | Found a runed translucent door.
  3875 | D:5      | Noticed Crazy Yiuf
  3941 | D:5      | Found a burning altar of Makhleb.
  4100 | D:5      | Noticed Menkaure
  4112 | D:5      | Killed Menkaure
  4219 | D:5      | Found a shimmering blue altar of Sif Muna.
  4376 | D:5      | 4376 ||| UPGRADING to amulet of faith.
  4386 | D:5      | 4386 ||| DRINKING 2 puce potions.
  4387 | D:5      | 4387 ||| READING 2 scrolls of identify.
  4387 | D:5      | 4387 ||| IDENTIFYING orange potion
  4388 | D:5      | 4388 ||| DROPPING potion of lignification.
  4662 | D:6      | Reached skill level 9 in Ranged Weapons
  4719 | D:6      | Reached skill level 3 in Armour
  4786 | D:6      | Reached skill level 6 in Fighting
  4839 | D:6      | Noticed Prince Ribbit
  4865 | D:6      | HP: 8/51 [Prince Ribbit (9)]
  4865 | D:6      | HP: 3/51 [black bear (5)]
  4865 | D:6      | Slain by a black bear

Levels and vault maps discovered:
D:1:      evilmike_arrival_home_sweet_home, layout_loops_corners,
          ebering_ecumenical_altar_sacrificial, hex_medium
D:2:      minmay_diamond_boxcup, layout_basic, serial_aquarium,
          aquarium_bridge_straight [aquarium_subvault_bridge,
          aquarium_subvault_wall, aquarium_subvault_bridge,
          aquarium_subvault_balcony], aquarium_bridge_square
          [aquarium_subvault_wall, aquarium_subvault_bridge,
          aquarium_subvault_balcony, aquarium_subvault_wall],
          aquarium_window_fake, aquarium_window_1, aquarium_view_2c, uniq_robin
D:3:      layout_basic, grunt_temple_overflow_opulence,
          guppyfry_early_lair_pool, uniq_jessica
D:4:      layout_rooms, minmay_close_crescents
D:5:      layout_loops_ring, mainiacjoe_overflow_catwalk_spiral, uniq_menkaure,
          uniq_grinder, uniq_crazy_yiuf_cottage
D:6:      layout_loops_ring, nicolae_shop_i_like_small_books_too,
          pf_guarded_unrand_woodcutter, uniq_prince_ribbit1

Skill      XL: |  1  2  3  4  5  6  7  8 |
---------------+-------------------------+-----
Ranged Weapons | 5 6 7 8 9 |  9.2
Fighting       | 3 4 5 6 |  6.0
Armour         | 1 2 3 |  3.0
Dodging        | 2 |  2.5
Stealth        | |  1.1

Action                     |  1- 3 |  4- 6 |  7- 9 || total
---------------------------+-------+-------+-------++-------
   Fire: Shortbow          |   106 |   193 |       ||   299
         Orcbow            |       |     6 |   200 ||   206
    Use: Scroll            |     3 |     8 |     1 ||    12
         Potion            |       |     3 |     1 ||     4
 Armour: Leather armour    |     9 |    18 |       ||    27
         Ring mail         |       |    82 |    66 ||   148
  Dodge: Dodged            |    26 |   109 |    60 ||   195

Table legend:
 A = Non-vault XP
 B = Vault XP
 C = Vault XP percentage of total XP
 D = Non-vault monster count
 E = Vault monster count
 F = Vault count percentage of total count
                 A         B        C        D         E       F
            +---------+---------+-------+---------+---------+-------
      Total |    1432 |     588 |  29.1 |     124 |      19 |  13.3
            +---------+---------+-------+---------+---------+-------
        D:1 |      42 |       0 |   0.0 |      26 |       0 |   0.0
        D:2 |      34 |      47 |  58.0 |      17 |      12 |  41.4
        D:3 |     146 |      37 |  20.2 |      26 |       1 |   3.7
        D:4 |     206 |      51 |  19.8 |      21 |       4 |  16.0
        D:5 |     418 |     453 |  52.0 |      12 |       2 |  14.3
        D:6 |     586 |       0 |   0.0 |      22 |       0 |   0.0
            +---------+---------+-------+---------+---------+-------
